 Dungeon Crawl Stone Soup version 0.24-a0-250-g6074511 (webtiles) character file.

Game seed: 1233586100624890176

311 tatocazan the Gusty (level 6, 0/44 HPs)
             Began as a Gnoll Air Elementalist on Apr 14, 2019.
             Killed from afar by an orc wizard (6 damage)
             ... with a magic dart
             ... on level 3 of the Dungeon.
             The game lasted 00:06:46 (2883 turns).

tatocazan the Gusty (Gnoll Air Elementalist)        Turns: 2883, Time: 00:06:47

Health: 0/44       AC:  4    Str: 15    XL:     6   Next: 42%
Magic:  1/14       EV: 15    Int: 19    God:
Gold:   256        SH:  0    Dex: 16    Spells: 5/15 levels left

rFire    . . .     SeeInvis .   p - +1 whip (freeze)
rCold    . . .     Gourm    .   (no shield)
rNeg     . . .     Faith    .   a - +0 robe
rPois    +         Spirit   .   j - +0 helmet
rElec    .         Reflect  .   (no cloak)
rCorr    .         Harm     .   (no gloves)
MR       .....                  g - +0 pair of boots
Stlth    ++........             (no amulet)
HPRegen  0.14/turn              i - ring of attention (curse)
MPRegen  0.14/turn              s - ring of poison resistance

@: mighty, very slightly contaminated, starving
A: distributed training, fangs 1, strong nose
a: no special abilities


You were on level 3 of the Dungeon.
You were starving.

You visited 1 branch of the dungeon, and saw 4 of its levels.

You collected 256 gold pieces.

Inventory:

Hand Weapons
 b - a +0 short sword
 p - a +1 whip of freezing (weapon)
Armour
 a - a +0 robe (worn)
 g - a +0 pair of boots (worn)
 j - a +0 helmet (worn)
Jewellery
 i - a cursed ring of attention (left hand)
 s - a ring of poison resistance (right hand)
Scrolls
 d - a scroll of fear {unknown}
 f - 3 scrolls of enchant armour {unknown}
 h - a scroll of fog {unknown}
 o - 3 scrolls of identify {unknown}
 q - 3 scrolls of remove curse {unknown}
 r - a scroll of enchant weapon {unknown}
Potions
 e - a potion of lignification {unknown}
 k - a potion of magic {unknown}
 m - a potion of might
 n - 2 potions of curing {unknown}
Comestibles
 c - 7 rations


   Skills:
 + Level 1.9 Fighting
 + Level 1.9 Short Blades
 + Level 1.9 Long Blades
 + Level 1.9 Axes
 + Level 1.9 Maces & Flails
 + Level 1.9 Polearms
 + Level 1.9 Staves
 + Level 1.9 Slings
 + Level 1.9 Bows
 + Level 1.9 Crossbows
 + Level 1.9 Throwing
 + Level 1.9 Armour
 + Level 5.0 Dodging
 + Level 4.6 Stealth
 + Level 1.9 Shields
 + Level 1.9 Unarmed Combat
 + Level 5.3 Spellcasting
 + Level 2.6 Conjurations
 + Level 1.5 Hexes
 + Level 1.5 Charms
 + Level 1.5 Summonings
 + Level 1.5 Necromancy
 + Level 1.5 Translocations
 + Level 1.5 Transmutations
 + Level 1.5 Fire Magic
 + Level 1.5 Ice Magic
 + Level 5.6 Air Magic
 + Level 1.5 Earth Magic
 + Level 1.5 Poison Magic
 + Level 2.1 Invocations
 + Level 1.9 Evocations


You had 5 spell levels left.
You knew the following spells:

 Your Spells              Type           Power        Failure   Level  Hunger
a - Shock                 Conj/Air       ###.         2%          1    None
b - Swiftness             Chrm/Air       ###.....     4%          2    None
c - Static Discharge      Conj/Air       ###.....     7%          3    ##.....
d - Airstrike             Air            ####......   12%         4    ####...

Your spell library contained the following spells:

 Spells                   Type           Power        Failure   Level  Hunger
 Lightning Bolt           Conj/Air       ###.......   52%         5    #####..


Dungeon Overview and Level Annotations

Branches:
Dungeon (4/15)
 Temple: D:4-7

Altars:
Gozag
Hepliaklqana
Trog
Xom


Innate Abilities, Weirdness & Mutations

Your experience applies equally to all skills.
You have very sharp teeth.
Your uncanny sense of smell can sniff out nearby items.


Message History

The orc wizard barely misses you. The orc priest misses you.
You hit the orc priest but do no damage.
The orc priest is severely wounded.
The orc wizard hits you but does no damage.
The orc priest hits you with a +0 club.
* * * LOW HITPOINT WARNING * * *
The orc wizard hits you but does no damage.
You take 2 damage, and have 8/44 hp.
You closely miss the orc priest.
The orc priest is severely wounded.
The orc wizard casts a spell at you. The magic dart hits you.
* * * LOW HITPOINT WARNING * * *
The orc priest barely misses you.
You take 3 damage, and have 5/44 hp.
It was a potion of might.
You feel very mighty all of a sudden.
The orc wizard points at you and mumbles some strange words.
The magic dart hits you.
You die...

...)...# #.# ##.....#
#.#############
#.....#
#..[..........#
#.....#
#############.#
#.....# #^# #.....#
#.# ####### #.#
######################
#.#
...............)@o...#
#.#
#########......##o##.#
#.# #.....)##.##.##
#.# ## #......##..#..#
#.# .#
#......###.##.#####.#
.# #......#
#..#.......# .#
#......####.#.#######
.# ######...##.#..#
.## ############


You could see an orc priest and an orc wizard.

Vanquished Creatures
  A centaur (D:4)
  2 orc priests
  A howler monkey skeleton (D:4)
  6 adders
  2 oozes
  A worm (D:2)
  2 dart slugs
  2 leopard geckos (D:2)
  8 orcs
  5 giant cockroaches
  3 goblins
  5 hobgoblins
  6 jackals
  5 quokkas
  5 bats
  5 frilled lizards
  10 kobolds
  27 rats
96 creatures vanquished.

Vanquished Creatures (others)
  5 toadstools (D:2)
5 creatures vanquished.

Grand Total: 101 creatures vanquished

Notes
Turn   | Place    | Note
-------+----------+-------------------------------------------
     0 | D:1      | tatocazan the Gnoll Air Elementalist began the quest for
                  | the Orb.
     0 | D:1      | Reached XP level 1. HP: 13/13 MP: 6/6
   315 | D:1      | Reached XP level 2. HP: 19/19 MP: 3/7
   852 | D:2      | Reached XP level 3. HP: 25/25 MP: 6/9
   856 | D:2      | Reached skill level 5 in Spellcasting
   928 | D:2      | Reached skill level 1 in Invocations
  1069 | D:2      | Reached skill level 1 in Fighting
  1069 | D:2      | Reached skill level 1 in Short Blades
  1069 | D:2      | Reached skill level 1 in Long Blades
  1069 | D:2      | Reached skill level 1 in Axes
  1069 | D:2      | Reached skill level 1 in Maces & Flails
  1069 | D:2      | Reached skill level 1 in Polearms
  1069 | D:2      | Reached skill level 1 in Staves
  1069 | D:2      | Reached skill level 1 in Slings
  1069 | D:2      | Reached skill level 1 in Bows
  1069 | D:2      | Reached skill level 1 in Crossbows
  1069 | D:2      | Reached skill level 1 in Throwing
  1069 | D:2      | Reached skill level 1 in Armour
  1069 | D:2      | Reached skill level 1 in Shields
  1069 | D:2      | Reached skill level 1 in Unarmed Combat
  1069 | D:2      | Reached skill level 1 in Evocations
  1145 | D:2      | Reached XP level 4. HP: 32/32 MP: 8/11
  1157 | D:2      | Learned a level 2 spell: Swiftness
  1161 | D:2      | Learned a level 3 spell: Static Discharge
  1202 | D:2      | Found an opulent altar of Gozag.
  1588 | D:3      | Reached skill level 1 in Hexes
  1588 | D:3      | Reached skill level 1 in Charms
  1588 | D:3      | Reached skill level 1 in Summonings
  1588 | D:3      | Reached skill level 1 in Necromancy
  1588 | D:3      | Reached skill level 1 in Translocations
  1588 | D:3      | Reached skill level 1 in Transmutations
  1588 | D:3      | Reached skill level 1 in Fire Magic
  1588 | D:3      | Reached skill level 1 in Ice Magic
  1588 | D:3      | Reached skill level 1 in Earth Magic
  1588 | D:3      | Reached skill level 1 in Poison Magic
  1812 | D:3      | Reached XP level 5. HP: 23/37 MP: 1/12
  2227 | D:3      | Found a bloodstained altar of Trog.
  2230 | D:3      | Found a hazy altar of Hepliaklqana.
  2305 | D:3      | Found a shimmering altar of Xom.
  2451 | D:4      | Noticed a centaur
  2457 | D:4      | Killed a centaur
  2457 | D:4      | Reached XP level 6. HP: 24/44 MP: 0/13
  2599 | D:3      | Learned a level 4 spell: Airstrike
  2869 | D:4      | Reached skill level 5 in Dodging
  2883 | D:3      | Killed from afar by an orc wizard

Levels and vault maps discovered:
D:1:      scummos_arrival_checkerplants, layout_basic, minmay_misc_feat_columns,
          minmay_stone_trees_medium
D:2:      layout_rooms, nicolae_gozag_seed_capital, minmay_gold_behind_fungi
D:3:      layout_basic, lemuel_round_altar, minitemple, minmay_rat_hole
D:4:      layout_cave_pods, portal_sewer_entry_f, serial_shops,
          nicolae_shop_window_shopping

Skill      XL: |  1  2  3  4  5  6 |
---------------+-------------------+-----
Conjurations   | 2 |  2.6
Spellcasting   | 5 |  5.3
Invocations    | 1 2 |  2.1
Fighting       | 1 |  1.9
Short Blades   | 1 |  1.9
Long Blades    | 1 |  1.9
Axes           | 1 |  1.9
Maces & Flails | 1 |  1.9
Polearms       | 1 |  1.9
Staves         | 1 |  1.9
Slings         | 1 |  1.9
Bows           | 1 |  1.9
Crossbows      | 1 |  1.9
Throwing       | 1 |  1.9
Armour         | 1 |  1.9
Shields        | 1 |  1.9
Unarmed Combat | 1 |  1.9
Evocations     | 1 |  1.9
Hexes          | 1 |  1.5
Charms         | 1 |  1.5
Summonings     | 1 |  1.5
Necromancy     | 1 |  1.5
Translocations | 1 |  1.5
Transmutations | 1 |  1.5
Fire Magic     | 1 |  1.5
Ice Magic      | 1 |  1.5
Earth Magic    | 1 |  1.5
Poison Magic   | 1 |  1.5
Dodging        | 5 |  5.0
Stealth        | |  4.6
Air Magic      | |  5.6

Action                   |  1- 3 |  4- 6 || total
-------------------------+-------+-------++-------
Melee: Short sword       |    29 |    16 ||    45
       Bite              |     2 |     5 ||     7
       Whip              |       |    64 ||    64
 Cast: Shock             |    51 |    54 ||   105
       Static Discharge  |       |     7 ||     7
       Airstrike         |       |     3 ||     3
  Use: Potion            |       |     1 ||     1
 Stab: Sleeping          |     1 |     3 ||     4
  Eat: Chunk             |     1 |     4 ||     5
Armor: Robe              |    11 |    36 ||    47
Dodge: Dodged            |    38 |   102 ||   140

Table legend:
 A = Non-vault XP
 B = Vault XP
 C = Vault XP percentage of total XP
 D = Non-vault monster count
 E = Vault monster count
 F = Vault count percentage of total count
                 A         B        C        D         E       F
            +---------+---------+-------+---------+---------+-------
      Total |     425 |      20 |   4.5 |      77 |      19 |  19.8
            +---------+---------+-------+---------+---------+-------
        D:1 |      17 |       0 |   0.0 |      11 |       0 |   0.0
        D:2 |      90 |       0 |   0.0 |      26 |       0 |   0.0
        D:3 |     117 |      20 |  14.6 |      30 |      19 |  38.8
        D:4 |     201 |       0 |   0.0 |      10 |       0 |   0.0
            +---------+---------+-------+---------+---------+-------
